 Dungeon Crawl Stone Soup version 0.17-a0-464-g85d6e2c (webtiles) character file.

768 Fluffy the Covered (level 7, -2/44 HPs)
             Began as a Gargoyle Fighter on Apr 5, 2015.
             Was a Believer of Okawaru.
             Killed by nerve-wracking pain
             ... invoked by an orc priest
              (11 damage)
             ... on level 4 of the Dungeon.
             The game lasted 00:09:22 (3412 turns).

Fluffy the Covered (Gargoyle Fighter)               Turns: 3412, Time: 00:09:22

Health: -2/44      AC: 19    Str: 19    XL:     7   Next: 82%
Magic:  9/9        EV:  4    Int:  9    God:    Okawaru [**....]
Gold:   131        SH: 10    Dex: 11    Spells: 0 memorised, 6 levels left

rFire  . . .     SeeInvis .     a - +0 flail
rCold  . . .     Clarity  .     F - +0 plate armour
rNeg   + . .     SustAb   .     c - +0 shield
rPois  ∞         Gourm    .     v - +0 helmet
rElec  +         Spirit   .     i - +0 cloak
rCorr  .         Warding  .     (no gloves)
rMut   .         Stasis   +     (no boots)
MR     .....                    o - amulet of stasis
Stlth  ..........               (no ring)
                                (no ring)

@: not resistant to hostile enchantments, extremely unstealthy
A: negative energy resistance 1, electricity resistance, unbreathing,
petrification resistance, rot immunity, AC +4
a: Heroism, Renounce Religion


You were on level 4 of the Dungeon.
You worshipped Okawaru.
Okawaru was pleased with you.
You were not hungry.

You visited 1 branch of the dungeon, and saw 4 of its levels.

You collected 131 gold pieces.

Inventory:

Hand weapons
 a - a +0 flail (weapon)
Armour
 c - a +0 shield (worn)
 i - a +0 cloak (worn)
 v - a +0 helmet (worn)
 F - a +0 plate armour (worn)
Jewellery
 o - an amulet of stasis (around neck)
Magical devices
 x - a wand of random effects (20)
Scrolls
 b - a scroll of blinking {unknown}
 f - a scroll of enchant weapon {unknown}
 k - a scroll of magic mapping {unknown}
 m - 7 scrolls of identify {unknown}
 n - a scroll of random uselessness {unknown}
 p - a scroll of recharging {unknown}
 q - a scroll of fear {unknown}
 t - 3 scrolls of teleportation {unknown}
 u - a scroll of noise {unknown}
 y - a scroll of enchant armour {unknown}
 E - a scroll of fog {unknown}
Potions
 e - a potion of might
 h - a potion of resistance {unknown}
 j - 4 potions of curing
 w - a potion of haste {unknown}
 z - 2 potions of heal wounds {unknown}
 A - a potion of flight {unknown}
 C - a potion of poison {unknown}
Comestibles
 d - 3 bread rations
 g - 3 meat rations
 l - a royal jelly
 r - a slice of pizza
 s - a beef jerky
 B - 2 fruits
 D - a chunk of flesh


   Skills:
 + Level 5.1 Fighting
 + Level 4.6 Maces & Flails
 + Level 5.2 Armour
 + Level 5.2 Shields
 + Level 3.3 Invocations


You had 6 spell levels left.
You didn't know any spells.

Dungeon Overview and Level Annotations

Branches:
Dungeon (4/15)             Temple (0/1) D:4

Altars:
Nemelex Xobeh
Okawaru
Trog
Xom
Zin


Innate Abilities, Weirdness & Mutations

You are resistant to torment.
Your stone body is resilient (AC +4).
You are immune to poison.
You resist negative energy.
You are resistant to electric shocks.
You can survive without breathing.
You are immune to petrification.
You are immune to rotting.


Message History

Okawaru accepts your kill. You block the orc wizard's attack.
You block the orc's attack. The orc priest barely misses you.
The orc hits you but does no damage.
The orc wizard hits you but does no damage.
You hit the orc priest but do no damage.
The orc hits you but does no damage. You block the orc priest's attack.
You block the orc's attack.
The orc wizard gestures at you while chanting.
The magic dart hits you!
You closely miss the orc priest. You block the orc's attack.
The orc hits you but does no damage.
The orc priest calls down the wrath of Beogh upon you.
Something smites you!
* * * LOW HITPOINT WARNING * * *
You block the orc wizard's attack.
You barely miss the orc priest. The orc hits you but does no damage.
You block the orc's attack.
The orc priest invokes the aid of Beogh against you.
Pain shoots through your body!
You die...

# ....###
#......##
.......###
#........##
##.........
#........
##...ooo#
##....o@##
#.?......#
#.........##
..###.....###
. ##......# .
##....## ..
#...## ...(
##.## .....
#..#


You could see an orc priest, an orc wizard and 2 orcs.

Vanquished Creatures
  Sigmund (D:3)
  Eustachio (D:4)
  An orc warrior (D:4)
  A hound (D:4)
  2 orc priests
  Ijyb (D:3)
  A worker ant (D:4)
  3 gnolls (D:4)
  9 adders
  3 worms
  3 giant geckos
  16 orcs
  8 bats
  12 goblins
  10 hobgoblins
  8 kobolds
  2 oozes
  2 quokkas
  5 giant cockroaches
  3 giant newts
  12 rats
104 creatures vanquished.

Notes
Turn   | Place    | Note
--------------------------------------------------------------
     0 | D:1      | Fluffy, the Gargoyle Fighter, began the quest for the Orb.
     0 | D:1      | Reached XP level 1. HP: 14/14 MP: 1/1
   126 | D:1      | Reached XP level 2. HP: 19/19 MP: 2/2
   689 | D:1      | Found a shimmering altar of Xom.
   751 | D:2      | Reached XP level 3. HP: 24/24 MP: 3/3
   822 | D:2      | Found a glowing silver altar of Zin.
   826 | D:2      | Found a sparkling altar of Nemelex Xobeh.
   840 | D:2      | Found an iron altar of Okawaru.
   849 | D:2      | Became a worshipper of Warmaster Okawaru
   867 | D:2      | Found an iron altar of Okawaru.
  1095 | D:2      | Reached XP level 4. HP: 26/29 MP: 4/4
  1103 | D:2      | Found a shimmering altar of Xom.
  1295 | D:3      | Reached skill level 4 in Fighting
  1845 | D:3      | Noticed Sigmund
  1869 | D:3      | Killed Sigmund
  1869 | D:3      | Acquired Okawaru's first power
  1869 | D:3      | Reached XP level 5. HP: 7/34 MP: 4/6
  1869 | D:3      | Reached XP level 6. HP: 8/39 MP: 4/7
  2316 | D:3      | Noticed Ijyb
  2325 | D:3      | Killed Ijyb
  2473 | D:3      | Noticed a moth of wrath
  2475 | D:3      | Found a bloodstained altar of Trog.
  2800 | D:4      | Reached XP level 7. HP: 42/44 MP: 7/9
  2818 | D:4      | Found a staircase to the Ecumenical Temple.
  3221 | D:4      | Reached skill level 5 in Armour
  3221 | D:4      | Reached skill level 5 in Shields
  3289 | D:4      | Noticed Eustachio
  3378 | D:4      | Killed Eustachio
  3378 | D:4      | Reached skill level 5 in Fighting
  3412 | D:4      | Killed from afar by an orc priest

Action                   |  1- 3 |  4- 6 |  7- 9 || total
-------------------------+-------+-------+-------++-------
Melee: Flail             |   122 |   274 |   105 ||   501
  Use: Potion            |       |     1 |     1 ||     2
  Eat: Chunk             |     1 |     6 |     2 ||     9
